 Seeded DCSS version 0.29.1-15-g9cfb28693d (webtiles) character file.

Game seed: 16245865983455551772 (custom seed)

4 Atreus the Chopper (level 1, 11/19 HPs)
             Began as a Palentonga Berserker on Mar 9, 2023.
             Was a Follower of Trog.
             Quit the game on level 1 of the Dungeon.
             The game lasted 00:00:38 (75 turns).

Atreus the Chopper (Palentonga Berserker)             Turns: 75, Time: 00:00:39

Health: 11/19      AC:  4    Str: 22    XL:     1   Next: 50%
Magic:  1/1        EV:  9    Int:  7    God:    Trog [*.....]
Gold:   0          SH:  0    Dex:  9    Spells: 0/0 levels left

rFire   . . .      SeeInvis +   a - +0 hand axe
rCold   . . .      Faith    .   (no shield)
rNeg    . . .      Spirit   .   b - +0 animal skin
rPois   .          Reflect  .   (no helmet)
rElec   .          Harm     .   (no cloak)
rCorr   .          Rampage  .   (no gloves)
Will    .....                   (no barding)
Stlth   +.........              (no amulet)
HPRegen 0.06/turn               (no ring)
MPRegen 0.07/turn               (no ring)

@: no status effects
A: large, rugged brown scales 3, see invisible, deformed body, roll 1, armoured
tail
a: Rolling Charge, Renounce Religion, Berserk


You were on level 1 of the Dungeon.
You worshipped Trog.
Trog was aware of your devotion.
You visited 1 branch of the dungeon, and saw 1 of its levels.

Inventory:

Hand Weapons
 a - a +0 hand axe (weapon)
Armour
 b - a +0 animal skin (worn)
Jewellery
 d - the amulet "Icsism" {Acrobat rElec Regen+ SInv}
   (You acquired it on level 1 of the Dungeon)

   [amulet of the acrobat]

   It increases your evasion while moving and waiting.
   rElec:     It insulates you from electricity.
   SInv:      It lets you see invisible.
   Regen:     It increases your rate of health regeneration.
 e - the ring "Efadgh Qifoda" {rPois rF+ rC+ Int-2 Dex+5 Slay+4}
   (You acquired it on level 1 of the Dungeon)

   [ring of slaying]

   Int:       It affects your intelligence (-2).
   Dex:       It affects your dexterity (+5).
   Slay:      It affects your accuracy & damage with ranged weapons and melee
   (+4).
   rF:        It protects you from fire.
   rC:        It protects you from cold.
   rPois:     It protects you from poison.
Scrolls
 c - a scroll of acquirement


   Skills:
 + Level 3.1 Fighting
 + Level 3.1 Axes
 + Level 1.6 Armour
 + Level 1.6 Dodging


You couldn't memorise any spells.
You didn't know any spells.
Your spell library was empty.

Dungeon Overview and Level Annotations

Branches:
Dungeon (1/15)

Altars:


Innate Abilities, Weirdness & Mutations

You are completely covered in rugged brown scales. (AC +3, +7% HP)
You have supernaturally acute eyesight. (SInv)
Armour fits poorly on your strangely shaped body.
You can roll at nearby foes to attack.
You have a long armoured tail.


Message History

You see here a +0 dagger.
A goblin comes into view. It is wielding a +0 dagger.
The goblin shouts!
A quokka comes into view.
An endoplasm comes into view.
The endoplasm quivers.
The goblin hits you but does no damage. The goblin barely misses you.
You slash the goblin!
You kill the goblin!
Trog accepts your kill.
You see here a +0 dagger.
The endoplasm freezes you.
You are frozen.
You hit the endoplasm. You tail-slap the endoplasm.
You kill the endoplasm!
Trog accepts your kill.
Found 3 scrolls labelled WAC GOIFOFITOUPLEC.
You see here 3 scrolls labelled WAC GOIFOFITOUPLEC.
c - 3 scrolls labelled WAC GOIFOFITOUPLEC The quokka barely misses you.
The quokka bites you but does no damage.
You barely miss the quokka.
Your tail-slap misses the quokka.
The quokka bites you.
You closely miss the quokka. The quokka bites you. x2
You barely miss the quokka.
The quokka bites you but does no damage.
You miss the quokka. The quokka barely misses you.
The quokka bites you but does no damage.
You barely miss the quokka. The quokka closely misses you.
You slash the quokka!
You kill the quokka!
Trog accepts your kill.
You see here a quokka corpse.
This is a scroll of acquirement!
Something appears at your feet!
d - the amulet "Icsism" {Acrobat rElec Regen+ SInv} Something appears at your feet!
e - the ring "Efadgh Qifoda" {rPois rF+ rC+ Int-2 Dex+5 Slay+4} Are you sure you want to abandon this character and quit the game? (Confirm with "yes".)

###.##.#..........
.........#..#.....
##.##...#..# ...
#..†###.## # #...#
#..# ... #..##
##.## ... #..#.r
#..# ....
##.##...##.## ....
#@.#.... #..#.....
#..#.....#).#....#
#.............#
#..#..#..##.###
##..........####..
########.........
##.#####.. #####
##### #####
####..# #...#
#...# #...#
#....##


There were no monsters in sight!

Vanquished Creatures
  An endoplasm (D:1)
  A goblin (D:1)
  A quokka (D:1)
3 creatures vanquished.

Notes
Turn   | Place    | Note
-------+----------+-------------------------------------------
     0 | D:1      | Atreus the Palentonga Berserker began the quest for the
                  | Orb.
     0 | D:1      | Reached XP level 1. HP: 19/19 MP: 1/1
    71 | D:1      | Identified 3 scrolls of acquirement
    71 | D:1      | Acquired the amulet "Icsism" {Acrobat rElec Regen+ SInv}
    73 | D:1      | Acquired the ring "Efadgh Qifoda" {rPois rF+ rC+ Int-2
                  | Dex+5 Slay+4}
    75 | D:1      | Quit the game

Illustrated notes

Levels and vault maps discovered:
D:1:      minmay_arrival_hallway, layout_loops_corners, basic_ecumenical_altar,
          minmay_unequal

Action                   || total
-------------------------++-------
Melee: Hand axe          ||     8
       Tailslap          ||     1
  Use: Scroll            ||     2
Armor: Animal skin       ||     4
Dodge: Dodged            ||     4
